 Dungeon Crawl Stone Soup version 0.31-a0-845-g9abc20d24f (webtiles) character file.

Game seed: 4938772510726595019

44 BinkBink the Changeling (level 3, -3/16 HPs)
             Began as a Felid Shapeshifter on Oct 1, 2023.
             Killed from afar by Jessica (10 damage)
             ... with a puff of flame
             ... on level 2 of the Dungeon.
             The game lasted 00:02:31 (1006 turns).

BinkBink the Changeling (Felid Shapeshifter)        Turns: 1006, Time: 00:02:31

Health: -3/16      AC:  1    Str: 10    XL:     3   Next: 39%
Magic:  4/4        EV: 18    Int: 11    God:
Gold:   34         SH:  0    Dex: 17    Spells: 2/2 levels left
                                        Lives:  0   Deaths: 1

rFire   . .          .
                       - Unarmed
rCold   . . .        (shield unavailable)
rNeg    . . .        (body armour unavailable)
rPois   .            (helmet unavailable)
rElec   .            (cloak unavailable)
rCorr   .            (gloves unavailable)
SInv    +            (boots unavailable)
Will    .....        (no amulet)
Stlth   ++           (no ring)
HPRegen 0.22/turn    (no ring)
MPRegen 0.09/turn

%: no passive effects
@: beast-form, quick
A: beast (slay +2), very small, claws 1, fangs 3, see invisible, speed 1, shaggy
fur 1, stealthy paws, no weapons or thrown items, no armour, multi-lived
a: Begin Untransformation


You were on level 2 of the Dungeon.
You were a hulking beast.
You visited 1 branch of the dungeon, and saw 2 of its levels.

You collected 34 gold pieces.

Inventory:

Talismans
 b - a beast talisman (active)
 c - a flux talisman
Wands
 e - a wand of charming (12)
Potions
 a - a potion of lignification
 d - a potion of heal wounds {unknown}
 f - a potion of degeneration {unknown}
 g - 2 potions of haste {unknown}


   Skills:
 + Level 1.6 Fighting
 + Level 3.3 Dodging
 + Level 1.8 Stealth
 + Level 3.3 Unarmed Combat
 + Level 3.6 Shapeshifting


You had 2 spell levels left.
You didn't know any spells.
Your spell library contained the following spells:

 Spells                   Type           Power      Damage    Failure   Level
 Scorch                   Fire           0%         2d5       47%         2
 Flame Wave               Conj/Fire      0%         2d4       98%         4
 Summon Cactus Giant      Summ           0%         N/A       100%        6


Dungeon Overview and Level Annotations

Branches:
Dungeon (2/15)

Altars:

Annotations:
D:2 Jessica, Sigmund


Innate Abilities, Weirdness & Mutations

You are a hulking beast.
Your limbs bulge with bestial killing power. (Slay +2)
You have sharp claws.
You have razor-sharp teeth.
You have supernaturally acute eyesight. (SInv)
You cover ground quickly. (Speed+)
You are covered in fur. (AC +1)
Your paws help you pounce on unaware monsters.
You are incapable of wielding weapons or throwing items.
You cannot wear armour.
You gain extra lives every three experience levels.


Message History

You scratch the adder. Your claw misses the adder.
The adder is moderately wounded.
The adder misses you.
You claw the adder!
You kill the adder!
Found a stone staircase leading down.
You see here 4 poisoned darts.
Things that are here:
a +0 club; a goblin skeleton
There is a stone staircase leading up, spattered with blood here.
Okay, then.
You can't go down here!
You climb upwards.
There is a stone staircase leading down here.
HP restored.
Done exploring.
You climb downwards.
Level annotation: Sigmund
There is a stone staircase leading up, spattered with blood here.
You see here a quokka skeleton.
Found a stone staircase leading up.
g - 2 amethyst potions Jessica the Apprentice Sorceress comes into view.
She is wielding a +0 dagger and carrying a wand of flame.
Jessica shouts!
Jessica zaps a wand.
The puff of flame misses you.
Jessica mumbles some strange words.
Jessica seems to speed up.
You closely miss Jessica. Jessica closely misses you.
You scratch Jessica. Your bite misses Jessica.
Jessica is moderately wounded.
Jessica zaps a wand.
The puff of flame hits you!
Ouch! That really hurt!
You are too injured to fight recklessly!
You are too injured to fight recklessly!
You are too injured to fight recklessly!
You barely miss Jessica.
Jessica is moderately wounded.
Jessica zaps a wand.
The puff of flame hits you!
Ouch! That really hurt!
You die...

.## ..# ..# ..#
###.. ... #######
#@# #....<# #h#
#.....#
#.####.....#
##..........#
#.$.###.....#
#.........###.###
# #.###.#.#.....#
# #.#
#.#.#..##.##### #
#.#
#.#.#..##.#...## #
######## #.#
#..........รท...##
#


You could see Jessica (fast).

Vanquished Creatures
  An adder (D:2)
  A worm (D:2)
  An endoplasm (D:1)
  3 hobgoblins (D:1)
  3 kobolds
  3 quokkas (D:2)
  4 ball pythons
  4 bats (D:1)
  6 goblins
  6 rats (D:1)
32 creatures vanquished.

Notes
Turn   | Place    | Note
-------+----------+-------------------------------------------
     0 | D:1      | BinkBink the Felid Shapeshifter began the quest for the
                  | Orb.
     0 | D:1      | Reached XP level 1. HP: 9/9 MP: 2/2
   226 | D:1      | Slain by a hobgoblin
   266 | D:1      | Reached skill level 1 in Stealth
   266 | D:1      | Reached XP level 2. HP: 12/12 MP: 3/3
   808 | D:2      | Reached XP level 3. HP: 11/15 MP: 4/4
   865 | D:2      | Noticed Sigmund
  1000 | D:2      | Noticed Jessica
  1006 | D:2      | Killed from afar by Jessica

Illustrated notes

Levels and vault maps discovered:
D:1:      wheals_arrival_shading, layout_loops_cross
D:2:      layout_loops_cross, uniq_jessica, uniq_sigmund

Skill      XL: |  1  2 |
---------------+-------+-----
Stealth        | 1 |  1.8
Dodging        | 3 |  3.3
Fighting       | |  1.6
Unarmed Combat | |  3.3
Shapeshifting  | |  3.6

Action                     || total
---------------------------++-------
  Melee: Unarmed           ||    76
         Bite              ||     6
         Punch             ||     1
   Stab: Sleeping          ||     4
 Armour: Skin              ||    27
  Dodge: Dodged            ||    70

Table legend: (Time is in decaauts)
 A = Elapsed time spent in this place.
 B = Non-inter-level travel time spent in this place.
 C = Inter-level travel time spent in this place.
 D = Time resting spent in this place.
 E = Time spent auto-exploring this place.
 F = Levels seen in this place.
 G = Mean time per level.
                   A        B        C        D        E       F      G
               +--------+--------+--------+--------+--------+-----+--------+
         Total |    841 |    834 |      7 |      0 |    584 |   2 |  420.5 |
       Dungeon |    841 |    834 |      7 |      0 |    584 |   2 |  420.5 |
               +--------+--------+--------+--------+--------+-----+--------+

Top non-repeatable levels by time:
     D:1: 521 daAuts
     D:2: 319 daAuts
